 Dungeon Crawl Stone Soup version 0.27-a0-1301-g128193abf8 (webtiles) character file.

Game seed: 17195955832409846623

2518 bilbop the Chopper (level 9, -24/79 HPs)
             Began as a Hill Orc Fighter on June 17, 2021.
             Was a Believer of Beogh.
             Annihilated by a titanic slime creature (103 damage)
             ... on level 7 of the Dungeon.
             The game lasted 00:24:37 (8205 turns).

bilbop the Chopper (Hill Orc Fighter)               Turns: 8205, Time: 00:24:37

Health: -24/79     AC: 13    Str: 21    XL:     9   Next: 54%
Magic:  12/12      EV:  5    Int: 14    God:    Beogh [**....]
Gold:   303        SH: 12    Dex: 11    Spells: 8/8 levels left

rFire    + . .     SeeInvis .   a - +0 war axe
rCold    . . .     Faith    .   i - +2 kite shield {rF+}
rNeg     . . .     Spirit   .   u - +0 plate armour
rPois    .         Reflect  .   (no helmet)
rElec    .         Harm     .   (no cloak)
rCorr    .         Rampage  .   (no gloves)
Will     +....                  (no boots)
Stlth    ..........             l - amulet of the acrobat
HPRegen  0.23/turn              n - ring of willpower
MPRegen  0.13/turn              D - +6 ring of intelligence

@: no status effects
A: no striking features
a: Renounce Religion, Smiting


You were on level 7 of the Dungeon.
You worshipped Beogh.
Beogh was pleased with you.
You visited 1 branch of the dungeon, and saw 7 of its levels.
You also visited: Sewer.

You collected 303 gold pieces.

Inventory:

Hand Weapons
 a - a +0 war axe (weapon)
 b - a +0 hunting sling
 C - the +7 hand axe of the Ring {freeze, rF+ rCorr}
   (You found it in a sewer)

   It has been specially enchanted to freeze those struck by it, causing extra
   injury to most foes and up to half again as much damage against particularly
   susceptible opponents.
   It can also slow down cold-blooded creatures.
   It protects you from fire.
   It protects you from acid and corrosion.
Missiles
 w - 31 bolts
 x - 34 sling bullets
Armour
 g - a +1 ring mail of cold resistance
 i - a +2 kite shield of fire resistance (worn)
 u - a +0 plate armour (worn)
Jewellery
 l - an amulet of the acrobat (around neck)
 n - a ring of willpower (left hand)
 D - a +6 ring of intelligence (right hand)
Wands
 f - a wand of flame (25)
 h - a wand of charming (10)
Scrolls
 j - a scroll of enchant weapon
 k - a scroll of teleportation {unknown}
 r - a scroll of fear {unknown}
Potions
 c - 2 potions of magic {unknown}
 d - 2 potions of might
 e - 4 potions of heal wounds
 o - a potion of invisibility {unknown}
 q - 3 potions of curing
 s - a potion of brilliance {unknown}
 v - a potion of attraction {unknown}
 z - 2 potions of mutation {unknown}
 A - a potion of flight {unknown}
 B - a potion of cancellation {unknown}
Miscellaneous
 y - a condenser vane


   Skills:
 + Level 7.4 Fighting
 + Level 7.6 Axes
 + Level 4.2 Slings
 + Level 6.7 Armour
 + Level 6.8 Shields
 + Level 5.1 Invocations


You had 8 spell levels left.
You didn't know any spells.
Your spell library contained the following spells:

 Spells                   Type           Power      Damage    Failure   Level
 Beastly Appendage        Tmut           0%         N/A       100%        1
 Freeze                   Ice            0%         1d3       100%        1
 Searing Ray              Conj           0%         3d3       100%        2
 Wereblood                Tmut           0%         N/A       100%        2
 Frozen Ramparts          Ice            0%         1d2       100%        3
 Ozocubu's Armour         Ice            0%         N/A       100%        3
 Spider Form              Tmut/Pois      0%         N/A       100%        3
 Hailstorm                Conj/Ice       0%         3d3       100%        4
 Ice Form                 Ice/Tmut       0%         N/A       100%        4
 Sticky Flame             Conj/Fire      0%         2d3       100%        4
 Irradiate                Conj/Tmut      0%         3d13      100%        5
 Metabolic Englaciation   Hex/Ice        0%         N/A       100%        5
 Orb of Destruction       Conj           0%         N/A       100%        7


Dungeon Overview and Level Annotations

Branches:
Dungeon (7/15)             Temple (0/1) D:4           Sewer (visited)

Altars:
Cheibriados
Gozag
Okawaru
Trog
Wu Jian

Shops:
D:6 *

Annotations:
D:3 1 runed translucent door, Crazy Yiuf


Message History

No target in view!
A killer bee zombie comes into view.
You pick up a book of Frost and begin reading...
You add the spells Freeze, Frozen Ramparts, Ozocubu's Armour, Hailstorm and Metabolic Englaciation to your library.
There is an open door here.
You start resting.
HP restored.
There is an open door here.
Things that are here:
a +0 hand axe; an orc corpse A slime creature comes into view.
The slime creature quivers.
A slime creature comes into view.
A slime creature comes into view.
The slime creature quivers. x2
The slime creature moves out of view.
A slime creature comes into view.
The slime creature quivers.
A slime creature comes into view.
A slime creature comes into view.
The slime creature quivers. x2
You block the slime creature's attack.
Two slime creatures merge to form a large slime creature.
You hit the large slime creature.
The large slime creature is lightly wounded.
You slash the large slime creature!
The large slime creature is lightly wounded.
Two slime creatures merge to form a very large slime creature.
Two slime creatures merge to form an enormous slime creature.
You slash the enormous slime creature!
The enormous slime creature is lightly wounded.
The enormous slime creature hits you but does no damage.
Two slime creatures merge to form a titanic slime creature.
You barely miss the titanic slime creature.
The titanic slime creature is lightly wounded.
You slash the titanic slime creature!
The titanic slime creature is lightly wounded.
The titanic slime creature hits you!!!!
Ouch! That really hurt!
You die...

........ ....... .....# ....#
... ...# ... .J##........#
#J##........# #@##........###
#.............#
#.............#
############.............#
####........................#
#.........#####.............#
#.........# #.........#+###
..<.......# #.........#.#
.........## #.........#.#


You could see a titanic slime creature and a slime creature.

Vanquished Creatures
  2 centaur zombies
  A black bear (D:5)
  2 ice beasts
  An orc warrior (D:6)
  A sky beast (D:5)
  A necrophage (D:5)
  An ogre (D:4)
  3 centaurs
  A phantom (D:6)
  2 scorpions
  4 bullfrogs
  A water moccasin zombie (D:5)
  2 water moccasin skeletons (D:5)
  A howler monkey (D:4)
  2 jellies
  4 hounds
  A bullfrog skeleton (D:6)
  A gnoll shaman (D:5)
  An orc wizard (D:4)
  6 iguanas
  A hound skeleton (D:5)
  A howler monkey skeleton (D:7)
  6 adders
  6 gnolls
  3 shadow imps
  A white imp (D:5)
  An adder zombie (D:5)
  2 worms
  6 orcs
  8 ball pythons
  3 bats
  5 endoplasms
  10 giant cockroaches
  5 goblins
  11 hobgoblins
  5 jackals (D:1)
  9 quokkas
  10 frilled lizards
  8 kobolds
  3 rats
142 creatures vanquished.

Vanquished Creatures (others)
  An adder (D:4)
  2 orcs (D:4)
  A giant cockroach (D:4)
  A quokka (D:4)
5 creatures vanquished.

Grand Total: 147 creatures vanquished

Notes
Turn   | Place    | Note
-------+----------+-------------------------------------------
     0 | D:1      | bilbop the Hill Orc Fighter began the quest for the Orb.
     0 | D:1      | Reached XP level 1. HP: 19/19 MP: 1/1
   193 | D:1      | Reached XP level 2. HP: 15/27 MP: 2/2
   982 | D:1      | Reached XP level 3. HP: 31/33 MP: 3/3
  1270 | D:2      | Found a faded altar of an unknown god.
  1547 | D:2      | Reached XP level 4. HP: 14/41 MP: 4/4
  2281 | D:3      | Found a runed translucent door.
  2282 | D:3      | Noticed Crazy Yiuf
  2628 | D:3      | Reached XP level 5. HP: 40/47 MP: 5/5
  3328 | D:4      | Noticed an ogre
  3341 | D:4      | Killed an ogre
  3342 | D:4      | Reached skill level 1 in Slings
  3342 | D:4      | Reached XP level 6. HP: 12/55 MP: 6/6
  3630 | D:4      | Reached skill level 5 in Fighting
  3722 | D:4      | Became a worshipper of Beogh the Brigand
  3724 | D:4      | Found a staircase to the Ecumenical Temple.
  4068 | D:4      | Found an iron altar of Okawaru.
  4131 | D:4      | Reached skill level 5 in Axes
  4523 | D:5      | Entered Level 5 of the Dungeon
  4541 | D:5      | Reached XP level 7. HP: 61/61 MP: 7/7
  4645 | D:5      | Reached skill level 5 in Shields
  4650 | D:5      | Reached skill level 5 in Armour
  4883 | D:5      | Identified the Grimoire of Confrontation
  5131 | D:5      | Found a glowing drain.
  5136 | Sewer    | Entered a sewer
  5188 | Sewer    | Reached * piety under Beogh
  5434 | Sewer    | Identified the +7 hand axe of the Ring {freeze, rF+ rCorr}
  5441 | Sewer    | Reached skill level 1 in Invocations
  5832 | D:5      | Reached XP level 8. HP: 68/70 MP: 9/9
  5882 | D:5      | Found a snail-covered altar of Cheibriados.
  5886 | D:5      | Found a bloodstained altar of Trog.
  5894 | D:5      | Found an ornate altar of the Wu Jian Council.
  6132 | D:5      | Found an opulent altar of Gozag.
  6316 | D:5      | Reached ** piety under Beogh
  6396 | D:5      | Reached XP level 9. HP: 77/78 MP: 10/12
  7001 | D:6      | Found Ewkow's Assorted Antiques.
  7814 | D:7      | Reached skill level 5 in Invocations
  8205 | D:7      | Annihilated by a titanic slime creature

Illustrated notes

Levels and vault maps discovered:
D:1:      minmay_arrival_four_houses, layout_basic
D:2:      cheibrodos_helix_gallery, layout_basic,
          shapermc_ecumenical_altar_starsandcircs, eino_curves_03,
          chequers_serial_rivers_micro_a, minmay_bisected
D:3:      layout_basic, uniq_crazy_yiuf_cottage
D:4:      layout_loops_ring, okawaru_metal_pillars_1_2,
          minmay_temple_entry_statues, minmay_small_thing
D:5:      layout_basic, nicolae_overflow_hidden_temple, gup_sewer_entry_bowl,
          hangedman_feature_mirror
D:6:      minmay_octagon_keep, layout_loops_ring, serial_shops, shop
D:7:      layout_basic, gammafunk_ghost_cemetery

Skill      XL: |  1  2  3  4  5  6  7  8  9 |
---------------+----------------------------+-----
Axes           | 3 4 5 6 7 |  7.6
Fighting       | 4 5 6 7 |  7.4
Shields        | 4 5 6 |  6.8
Armour         | 4 5 6 |  6.7
Slings         | 1 2 3 4 |  4.2
Invocations    | 1 4 5 |  5.1

Action                   |  1- 3 |  4- 6 |  7- 9 || total
-------------------------+-------+-------+-------++-------
Melee: War axe           |    97 |   105 |   238 ||   440
       Hand axe          |       |       |   123 ||   123
 Fire: Hunting sling     |       |     1 |     9 ||    10
Invok: Convert to Beogh  |       |     1 |       ||     1
  Use: Scroll            |       |       |     6 ||     6
       Potion            |       |       |     1 ||     1
Armor: Scale mail        |    20 |       |       ||    20
       Ring mail         |    25 |    12 |       ||    37
       Plate armour      |       |    33 |   209 ||   242
Dodge: Dodged            |    45 |    33 |    75 ||   153
Block: Kite shield       |    61 |    57 |   226 ||   344

Table legend: (Time is in decaauts)
 A = Elapsed time spent in this place.
 B = Non-inter-level travel time spent in this place.
 C = Inter-level travel time spent in this place.
 D = Time resting spent in this place.
 E = Time spent auto-exploring this place.
 F = Levels seen in this place.
 G = Mean time per level.
                   A        B        C        D        E       F      G
               +--------+--------+--------+--------+--------+-----+--------+
         Total |   8535 |   8227 |    308 |    810 |   5819 |   8 | 1066.9 |
       Dungeon |   7858 |   7550 |    308 |    810 |   5567 |   7 | 1122.6 |
         Sewer |    676 |    676 |      0 |      0 |    252 |   1 |  676.0 |
               +--------+--------+--------+--------+--------+-----+--------+

Top non-repeatable levels by time:
     D:5: 1547 daAuts
     D:3: 1202 daAuts
     D:2: 1175 daAuts
     D:1: 1156 daAuts
     D:4: 1098 daAuts
     D:6: 1093 daAuts
   Sewer: 676 daAuts
     D:7: 585 daAuts
